 Dungeon Crawl Stone Soup version 0.29.1-2-gbd0b4ee654 (webtiles) character file.

Game seed: 8468105861607938177

44 Honti the Conjurer (level 3, -3/24 HPs)
             Began as a Human Conjurer on Nov 29, 2022.
             Slain by Natasha (9 damage)
             ... on level 2 of the Dungeon on Nov 30, 2022.
             The game lasted 00:08:37 (1534 turns).

Honti the Conjurer (Human Conjurer)                 Turns: 1534, Time: 00:08:38

Health: -3/24      AC:  2    Str:  7    XL:     3   Next: 87%
Magic:  1/6        EV: 12    Int: 20    God:
Gold:   54         SH:  0    Dex: 11    Spells: 4/7 levels left

rFire   . . .      SeeInvis .   i - +1 dagger (protect)
rCold   . . .      Faith    .   (no shield)
rNeg    . . .      Spirit   .   a - +0 robe
rPois   .          Reflect  .   (no helmet)
rElec   .          Harm     .   (no cloak)
rCorr   .          Rampage  .   (no gloves)
Will    .....                   (no boots)
Stlth   ++........              (no amulet)
HPRegen 0.08/turn               (no ring)
MPRegen 0.10/turn               (no ring)

@: no status effects
A: no striking features
a: no special abilities


You were on level 2 of the Dungeon.
You visited 1 branch of the dungeon, and saw 2 of its levels.

You collected 54 gold pieces.

Inventory:

Hand Weapons
 i - a +1 dagger of protection (weapon)
Missiles
 f - 3 poisoned darts (quivered)
Armour
 a - a +0 robe (worn)
Scrolls
 c - a scroll of enchant armour {unknown}
 d - a scroll of identify {unknown}
 h - a scroll of vulnerability {unknown}
Potions
 b - a potion of magic
 e - a potion of curing {unknown}


   Skills:
 - Level 2.0 Dodging
 - Level 2.0 Stealth
 + Level 2.5 Spellcasting
 * Level 4.9 Conjurations


You had 4 spell levels left.
You knew the following spells:

 Your Spells              Type           Power      Damage    Failure   Level
a - Magic Dart            Conj           88%        1d7       1%          1
b - Searing Ray           Conj           44%        2d6       3%          2

Your spell library contained the following spells:

 Spells                   Type           Power      Damage    Failure   Level
 Dazzling Flash           Conj/Hex       24%        N/A       16%         3
 Fulminant Prism          Conj/Hex       6%         3d7       47%         4
 Iskenderun's Mystic Bla  Conj/Tloc      12%        2d5       47%         4


Dungeon Overview and Level Annotations

Branches:
Dungeon (2/15)

Altars:

Annotations:
D:2 Natasha


Message History

Magic restored.
You see here a bat corpse.
Natasha, Servant of Life and Death comes into view.
She is carrying a wand of digging (6).
Found a fuming dark potion.
Natasha hisses angrily.
Natasha zaps a wand.
You hear a grinding noise.
Casting: Magic Dart (safe; 1% risk of failure)
Confirm with . or Enter, or press ? or * to list all spells.
Aiming: Searing Ray (safe; 3% risk of failure)
Press: ? - help, Shift-Dir - straight line, f - Natasha
Aim: Natasha, carrying a wand of digging (5) (72% to hit)
The searing ray hits Natasha!
Natasha is heavily wounded. (Press . to maintain the ray.) Natasha is nearby!
The searing ray hits Natasha.
Natasha is almost dead.
Natasha mumbles some strange words.
The searing ray hits Natasha.
Natasha is almost dead.
Natasha casts a spell at you. The magic dart hits you!
The searing ray misses Natasha.
You finish channelling your searing ray.
Natasha drinks a potion.
Natasha seems to speed up.
Natasha casts a spell.
Press: ? - help, v - describe, . - travel
Here: Natasha, carrying a wand of digging (5) (almost dead, fast)
The floor.
Throw: 4 darts (poison)
Press: ? - help, Q - select action, (/) - cycle Shift-Dir - straight line, f/p - Natasha
Aim: Natasha, carrying a wand of digging (5) (almost dead, fast, 45% to hit)
You throw a poisoned dart.
The poisoned dart barely misses Natasha.
Natasha stares at you and mumbles some strange words.
The magic dart hits you!
* * * LOW HITPOINT WARNING * * *
Natasha claws you!
You die...

.# .# ## #!# #.#
..### #.# ....
##### #.# ..#
#...####.###..##...
#........@.5....#
#...######h#.......
##†## ##...#.#.#
#.# #5.# .. #.# .(#
# #.# ..# #.# ..#
#.# ..# #.#


You could see an iron imp (summoned), Natasha (fast) and a crimson imp
(summoned).

Vanquished Creatures
  A worm (D:2)
  3 dart slugs (D:1)
  4 ball pythons (D:1)
  6 endoplasms (D:1)
  A giant cockroach (D:1)
  5 goblins
  A hobgoblin (D:1)
  2 quokkas (D:1)
  2 bats
  5 kobolds (D:1)
  2 rats (D:1)
32 creatures vanquished.

Notes
Turn   | Place    | Note
-------+----------+-------------------------------------------
     0 | D:1      | Honti the Human Conjurer began the quest for the Orb.
     0 | D:1      | Reached XP level 1. HP: 13/13 MP: 3/3
   224 | D:1      | Found a faded altar of an unknown god.
   264 | D:1      | Reached XP level 2. HP: 19/19 MP: 3/5
   289 | D:1      | Learned a level 2 spell: Searing Ray
   578 | D:1      | Reached XP level 3. HP: 24/24 MP: 0/6
  1526 | D:2      | Noticed Natasha
  1534 | D:2      | Slain by Natasha

Illustrated notes

Levels and vault maps discovered:
D:1:      dpeg_arrival_fog, layout_basic,
          hellmonk_ecumenical_altar_pennies_from_heaven
D:2:      layout_loops_ring, basic_altar, uniq_crazy_yiuf_cottage, uniq_natasha,
          uniq_terence

Action                   || total
-------------------------++-------
Throw: Dart              ||     1
 Cast: Magic Dart        ||    58
       Searing Ray       ||     3
Armor: Robe              ||     1
Dodge: Dodged            ||     1
